 Dungeon Crawl Stone Soup version 0.17.0-28-g6e173f8 (webtiles) character file.

4894 dohliylev the Unseen (level 10, -8/70 HPs)
             Began as a Vampire Assassin on Nov 24, 2015.
             Was a Priest of Dithmenos.
             Mangled by a hill giant
             ... wielding a +0 giant club
              (39 damage)
             ... on level 10 of the Dungeon.
             The game lasted 01:41:11 (11621 turns).

dohliylev the Unseen (Vampire Assassin)            Turns: 11621, Time: 01:41:11

Health: -8/70      AC: 10    Str: 10      XL:     10   Next: 26%
Magic:  10/10      EV: 16    Int: 13      God:    Dithmenos [***...]
Gold:   651        SH:  6    Dex: 19 (20) Spells: 0 memorised, 9 levels left

rFire  + . .     SeeInvis +     a - +2 dagger
rCold  . . .     Clarity  .     E - +0 robe {rF+}
rNeg   + + .     SustAt   .     v - +2 buckler
rPois  .         Gourm    .     y - +2 hat {MR+}
rElec  .         Spirit   .     A - +0 cloak
rCorr  .         Warding  .     (no gloves)
rMut   .         Stasis   .     (no boots)
MR     ++...                    (no amulet)
Stlth  ++++++++++               r - ring of positive energy
                                z - +5 ring of protection

@: wreathed by umbra, very resistant to hostile enchantments, uncannily stealthy
A: fangs 3, see invisible, unbreathing
a: Bat Form, Shadow Step, Renounce Religion


You were on level 10 of the Dungeon.
You worshipped Dithmenos.
Dithmenos was most pleased with you.
You were not thirsty.

You visited 3 branches of the dungeon, and saw 12 of its levels.

You collected 651 gold pieces.

Inventory:

Hand Weapons
 a - a +2 dagger (weapon)
 b - a +0 blowgun
 C - a +1 scimitar of draining
 O - a +2 dagger of flaming
Missiles
 e - 75 poisoned needles
 f - 2 curare-tipped needles
 M - 5 javelins (quivered)
Armour
 v - a +2 buckler (worn)
 y - a +2 hat of magic resistance (worn)
 A - a +0 cloak (worn)
 E - a +0 robe of fire resistance (worn)
Magical Staves
 Q - an uncursed staff of wizardry {unknown}
Jewellery
 n - an uncursed ring of flight
 r - a ring of positive energy (right hand)
 x - an uncursed ring of fire
 z - a +5 ring of protection (left hand)
 F - an uncursed amulet of resist mutation {unknown}
Wands
 P - a wand of random effects (5)
Scrolls
 c - 4 scrolls of fear {unknown}
 h - 14 scrolls of teleportation {unknown}
 j - 5 scrolls of remove curse {unknown}
 m - 17 scrolls of identify {unknown}
 p - 2 scrolls of random uselessness {unknown}
 q - 3 scrolls of amnesia {unknown}
 s - a scroll of enchant armour {unknown}
 t - 4 scrolls of magic mapping {unknown}
 w - 7 scrolls of recharging {unknown}
 H - 2 scrolls of immolation {unknown}
 J - 2 scrolls of fog {unknown}
 K - a scroll of noise {unknown}
 L - a scroll of silence {unknown}
Potions
 d - a potion of mutation {unknown}
 g - 17 potions of blood
 i - 5 potions of brilliance {unknown}
 k - 2 potions of curing
 l - 3 potions of heal wounds {unknown}
 o - a potion of resistance {unknown}
 u - 2 potions of haste {unknown}
 B - 2 potions of cure mutation {unknown}
 D - a potion of agility {unknown}
 G - 2 potions of lignification {unknown}
 I - 2 potions of might {unknown}
 N - a potion of poison {unknown}


   Skills:
 + Level 3.2 Fighting
 + Level 3.9(4.0) Short Blades
 - Level 1.2(2.5) Long Blades
 + Level 3.3 Throwing
 + Level 6.2 Dodging
 * Level 18.6 Stealth
 - Level 0.1 Shields


You had 9 spell levels left.
You didn't know any spells.

Dungeon Overview and Level Annotations

Branches:
Dungeon (10/15)            Temple (1/1) D:4            Lair (1/8) D:8
    Orc: D:9-12

Altars:
Ashenzari
Cheibriados
Dithmenos
Elyvilon
Fedhas
Gozag
Kikubaaqudgha
Makhleb
Nemelex Xobeh
Okawaru
Qazlal
Ru
Sif Muna
Trog
Vehumet
Xom
Yredelemnul
Zin
The Shining One

Shops:
D:7 %   D:9 ([[[


Innate Abilities, Weirdness & Mutations

You have razor-sharp teeth.
You have supernaturally acute eyesight.
You can survive without breathing.


Message History

One of your 19 potions of blood rots away.
You start resting.
You are feeling very thirsty.
You start resting.
A hill giant comes into view. It is wielding a giant club.
Wield which item (- for none, * to show all)? (? for menu, Esc to quit)
Okay, then.
Drink which item? (? for menu, Esc to quit)
Yummy - fresh blood!
You strike the helpless hill giant from a blind spot!
You spit the hill giant like a pig!!! Your bite misses the hill giant.
The hill giant is heavily wounded.
The hill giant hits you with a giant club!!
You hit the hill giant.
The hill giant is heavily wounded.
You hit the hill giant.
The hill giant is severely wounded.
The hill giant hits you with a giant club!!!
Ouch! That really hurt!
You die...

###..##...##..#####..##.....#
#.##..#...................>..
##...............######.......
####.....#..........# #.......
...#................# ########
....................####### ##..
.((...............####....####...
........>...#...#..>.........(...
.(..((..).......@.........####...
................C......##.# ##..
.....).........####....##.# ###
..........#.#...####.#..#.####
...#........#......#.........####
####......#..........#...#.#.....
# #............###...#..........
##....#.##.#..................
#..#....##.###..##..........(.


You could see a hill giant.

Vanquished Creatures
  A troll (D:10)
  A two-headed ogre (D:10)
  A wyvern (D:10)
  Sigmund (D:5)
  3 hippogriffs
  A water moccasin (D:8)
  A porcupine (Lair:1)
  2 sky beasts
  2 orc warriors
  6 ogres
  3 ice beasts
  3 centaurs
  A phantom (D:6)
  2 crocodiles
  A big kobold (D:10)
  3 giant frogs
  5 killer bees
  2 quasits (D:10)
  An electric eel (Lair:1)
  4 crimson imps
  5 jellies
  2 giant frog skeletons
  A giant frog zombie (D:5)
  2 centaur zombies
  5 orc priests
  A hound (D:5)
  A gnoll shaman (D:7)
  4 iguanas
  6 worker ants
  4 orc wizards
  2 worker ant zombies
  4 gnolls
  10 adders
  4 shadow imps
  6 oozes
  3 adder skeletons
  A worm (D:2)
  3 giant geckos
  31 orcs
  8 bats
  5 giant cockroaches
  11 goblins
  9 hobgoblins
  12 jackals
  10 kobolds
  3 quokkas
  A giant gecko skeleton (D:7)
  4 giant newts
  2 jackal skeletons
  2 quokka skeletons (D:4)
  4 rats
  7 fungi
  2 plants (D:8)
219 creatures vanquished.

Vanquished Creatures (others)
  2 fungi (D:8)
2 creatures vanquished.

Grand Total: 221 creatures vanquished

Notes
Turn   | Place    | Note
--------------------------------------------------------------
     0 | D:1      | dohliylev the Vampire Assassin began the quest for the Orb.
     0 | D:1      | Reached XP level 1. HP: 16/16 MP: 1/1
   126 | D:1      | Reached skill level 6 in Stealth
   266 | D:1      | Reached XP level 2. HP: 22/22 MP: 2/2
   831 | D:2      | Reached XP level 3. HP: 15/27 MP: 3/3
  1156 | D:2      | Reached skill level 7 in Stealth
  1994 | D:3      | Reached XP level 4. HP: 33/33 MP: 4/4
  2457 | D:3      | Reached skill level 8 in Stealth
  2691 | D:4      | Found a staircase to the Ecumenical Temple.
  2707 | Temple   | Entered the Ecumenical Temple
  3012 | D:4      | Reached XP level 5. HP: 38/38 MP: 5/5
  3020 | D:4      | Noticed an ogre
  3049 | D:4      | Killed an ogre
  3049 | D:4      | Reached skill level 9 in Stealth
  3177 | D:4      | Found a shattered altar of Ashenzari.
  3178 | D:4      | Noticed an orc warrior
  3179 | D:4      | Reached skill level 10 in Stealth
  3260 | D:4      | Killed an orc warrior
  3260 | D:4      | Reached XP level 6. HP: 22/44 MP: 6/6
  3529 | D:4      | Reached skill level 11 in Stealth
  3538 | D:4      | Found a shadowy altar of Dithmenos.
  3545 | D:4      | Became a worshipper of Dithmenos the Shadowed
  3816 | D:4      | Found a burning altar of Makhleb.
  3874 | D:5      | Entered Level 5 of the Dungeon
  4046 | D:5      | Noticed Sigmund
  4061 | D:5      | Killed Sigmund
  4061 | D:5      | Reached skill level 12 in Stealth
  4061 | D:5      | Reached XP level 7. HP: 48/50 MP: 7/7
  4220 | D:5      | Reached skill level 13 in Stealth
  4263 | D:5      | Reached skill level 1 in Long Blades
  4794 | D:5      | Found a basalt altar of Yredelemnul.
  5314 | D:6      | Reached skill level 14 in Stealth
  5314 | D:6      | Reached XP level 8. HP: 56/56 MP: 8/8
  5508 | D:6      | Reached * piety under Dithmenos
  5940 | D:6      | Reached skill level 15 in Stealth
  6504 | D:7      | Reached skill level 16 in Stealth
  6610 | D:7      | Found Udiyr Ywu's Food Emporium.
  7090 | D:7      | Got a steaming spear
  7272 | D:8      | Found a staircase to the Lair.
  7293 | Lair:1   | Entered Level 1 of the Lair of Beasts
  7296 | Lair:1   | Reached XP level 9. HP: 62/62 MP: 9/9
  7897 | D:8      | Reached skill level 17 in Stealth
  8262 | D:9      | Found Ofomiuq's Armour Shoppe.
  8319 | D:9      | Found Rastiest's Armour Emporium.
  8328 | D:9      | Reached ** piety under Dithmenos
  8386 | D:9      | Found Labas's Antique Weapon Shop.
  8783 | D:9      | Reached skill level 18 in Stealth
  8841 | D:9      | Found Vibis's Antique Armour Emporium.
 10041 | D:10     | Entered Level 10 of the Dungeon
 10318 | D:10     | Reached skill level 5 in Dodging
 10318 | D:10     | Reached XP level 10. HP: 45/70 MP: 10/10
 10584 | D:10     | Reached *** piety under Dithmenos
 11615 | D:10     | Noticed a hill giant
 11621 | D:10     | Mangled by a hill giant

Action                   |  1- 3 |  4- 6 |  7- 9 | 10-12 || total
-------------------------+-------+-------+-------+-------++-------
Melee: Dagger            |    69 |    57 |   564 |   160 ||   850
       Scimitar          |       |    29 |   141 |       ||   170
 Fire: Blowgun           |    32 |    36 |    61 |    14 ||   143
Throw: Javelin           |       |       |       |     5 ||     5
 Abil: End Transformatio |       |     4 |     3 |     1 ||     8
       Bat Form          |       |     4 |     3 |     1 ||     8
  Use: Potion            |       |     3 |     9 |     4 ||    16
 Stab: Sleeping          |    20 |    15 |    60 |     3 ||    98
       Distracted        |       |     1 |     6 |     3 ||    10
  Eat: Corpse            |       |     1 |     2 |       ||     3
